 Dungeon Crawl Stone Soup version 0.30-a0-920-g7493c07aab (webtiles) character file.

Game seed: 7029436747795930357

170 cforsyth the Shield-Bearer (level 5, -7/42 HPs)
             Began as a Human Fighter on Mar 21, 2023.
             Was an Initiate of Okawaru.
             Killed by nerve-wracking pain
             ... invoked by an orc priest
              (10 damage)
             ... on level 4 of the Dungeon.
             The game lasted 00:04:02 (3366 turns).

cforsyth the Shield-Bearer (Human Fighter)          Turns: 3366, Time: 00:04:03

Health: -7/42      AC: 14    Str: 18    XL:     5   Next: 80%
Magic:  5/5        EV:  6    Int:  9    God:    Okawaru [......]
Gold:   242        SH:  5    Dex: 12    Spells: 4/4 levels left

rFire   + . .      SeeInvis .    a - +0 flail
rCold   + . .      Faith    .    c - +0 buckler
rNeg    . . .      Spirit   .    w - +1 chain mail {rC+}
rPois   .          Reflect  .    (no helmet)
rElec   .          Rampage  .    u - +1 cloak
rCorr   .                        (no gloves)
Will    .....                    x - +1 pair of boots Stlth
                                 (no amulet)
HPRegen 0.27/turn                i - ring of protection from fire
MPRegen 0.09/turn                (no ring)

@: attractive, flying
A: no striking features
a: Renounce Religion


You were on level 4 of the Dungeon.
You worshipped Okawaru.
Okawaru was noncommittal.
You visited 2 branches of the dungeon, and saw 5 of its levels.

You collected 242 gold pieces.

Inventory:

Hand Weapons
 a - a +0 flail (weapon)
Armour
 b - a +0 scale mail
 c - a +0 buckler (worn)
 u - a +1 cloak (worn)
 w - a +1 chain mail of cold resistance (worn)
 x - a +1 pair of boots (worn)
Jewellery
 i - a ring of protection from fire (left hand)
 A - an amulet of magic regeneration
Wands
 z - a wand of polymorph (1)
Scrolls
 f - 2 scrolls of torment {unknown}
 g - 3 scrolls of teleportation {unknown}
 k - a scroll of poison {unknown}
 l - 2 scrolls of magic mapping {unknown}
 m - 4 scrolls of identify {unknown}
 o - 2 scrolls of amnesia {unknown}
 p - a scroll of acquirement {unknown}
 q - a scroll of enchant armour {unknown}
 s - a scroll of enchant weapon {unknown}
 v - a scroll of silence {unknown}
 y - 5 scrolls of immolation {unknown}
 B - a scroll of blinking {unknown}
 C - a scroll of vulnerability {unknown}
Potions
 d - 2 potions of might
 e - a potion of heal wounds {unknown}
 h - a potion of mutation {unknown}
 r - a potion of curing {unknown}
 t - a potion of degeneration {unknown}


   Skills:
 + Level 3.9 Fighting
 + Level 3.2 Maces & Flails
 + Level 3.9 Armour
 + Level 3.9 Shields


You had 4 spell levels left.
You didn't know any spells.
Your spell library contained the following spells:

 Spells                   Type           Power      Damage    Failure   Level
 Ensorcelled Hibernation  Hex/Ice        0%         N/A       100%        2
 Passwall                 Tmut/Erth      0%         N/A       100%        2
 Frozen Ramparts          Ice            0%         1d1       100%        3
 Swiftness                Air            0%         N/A       100%        3
 Conjure Ball Lightning   Conj/Air       0%         3x3d6     100%        6
 Discord                  Hex            0%         N/A       100%        8
 Disjunction              Tloc           0%         N/A       100%        8
 Shatter                  Erth           0%         3d5*      100%        9
 Animate Armour           Summ/Erth      Unusable   N/A       N/A         4

Dungeon Overview and Level Annotations

Branches:
Dungeon (4/15)             Temple (1/1) D:4

Altars:
Ashenzari
Elyvilon
Fedhas
Gozag
Hepliaklqana
Kikubaaqudgha
Nemelex Xobeh
Okawaru
Qazlal
Xom
Lugonu

Shops:
D:1 :

Portals:
Abyss: D:1

Annotations:
D:1 2 runed translucent doors


Message History

You miss the adder. The adder bites you but does no damage.
An orc comes into view. It is wielding a +0 dagger.
You block the adder's attack.
The orc shouts!
You sock the adder!
You kill the adder!
Okawaru accepts your kill.
You hear a shout!
Found a scroll labelled OFELLU EMPA.
The orc priest hits you but does no damage.
You closely miss the orc priest.
The orc priest casts a cantrip, but nothing happens.
The orc priest hits you but does no damage. x2
An orc comes into view. It is wielding a +0 dagger.
You sock the orc priest!
The orc priest is heavily wounded.
The orc priest hits you with a +0 mace.
The orc priest mumbles some strange prayers to Beogh against you.
Beogh smites you!
The orc priest hits you but does no damage.
The orc priest calls down the wrath of Beogh upon you.
Beogh smites you!
* * * LOW HITPOINT WARNING * * *
The orc priest hits you but does no damage.
You are too injured to fight recklessly!
You are too injured to fight recklessly!
It was a potion of attraction.
You feel attractive to monsters.
The orc priest begins to cast a cantrip, but forgets the words!
The orc priest closely misses you. The orc priest hits you with a +0 mace.
* * * LOW HITPOINT WARNING * * *
The orc is attracted toward you.
Unknown command.
It was a potion of flight.
You feel very buoyant.
You fly up into the air.
The orc priest hits you but does no damage. x2
The orc priest calls down the wrath of Beogh upon you.
Pain shoots through your body!
You die...

## .. . #.# . ?. ##..##.
### ...#..... #.#
......... ##.##### #
........# #......## #.
......o.####..##...###..
#@.##.............
#oo...............
.....o###....†###.....
o.#..o# #.......##....
##.§#...............
#....##....####....
#.........## #.....
.#........# ###....
........##......


You could see 3 orc priests and 2 orcs.

Vanquished Creatures
  An orc wizard (D:3)
  3 gnolls
  4 adders
  3 worms
  4 dart slugs
  4 orcs (D:3)
  A ball python (D:3)
  3 bats
  4 endoplasms
  4 giant cockroaches
  5 goblins
  6 hobgoblins
  4 jackals (D:2)
  2 quokkas
  2 frilled lizards
  4 kobolds
  6 rats
60 creatures vanquished.

Notes
Turn   | Place    | Note
-------+----------+-------------------------------------------
     0 | D:1      | cforsyth the Human Fighter began the quest for the Orb.
     0 | D:1      | Reached XP level 1. HP: 18/18 MP: 1/1
    31 | D:1      | Reached XP level 2. HP: 16/24 MP: 2/2
   160 | D:1      | Found a large runed translucent door.
   160 | D:1      | Found a large runed translucent door.
   162 | D:1      | Found a one-way gate to the infinite horrors of the Abyss.
   162 | D:1      | Found a corrupted altar of Lugonu.
   162 | D:1      | Noticed a quasit
   166 | D:1      | Noticed a crimson imp
   319 | D:1      | Found Ocoawi's Book Shop.
   328 | D:1      | Reached XP level 3. HP: 29/29 MP: 3/3
  1104 | D:2      | Reached XP level 4. HP: 32/35 MP: 4/4
  1881 | D:3      | Found a faded altar of an unknown god.
  2161 | D:3      | Reached XP level 5. HP: 14/42 MP: 5/5
  2583 | D:3      | Got the Omnibus of Petrous Hail
  3091 | D:4      | Found a staircase to the Ecumenical Temple.
  3155 | Temple   | Entered the Ecumenical Temple
  3201 | Temple   | Became a worshipper of Warmaster Okawaru
  3305 | D:4      | Found a white marble altar of Elyvilon.
  3365 | D:4      | HP: 2/42 [orc priest/+0 mace (5)]
  3366 | D:4      | Killed from afar by an orc priest

Illustrated notes

Levels and vault maps discovered:
D:1:      erik_arrival_cave_to_civilisation [erik_arrival_cave_to_temple],
          layout_basic, serial_shops, shop, minmay_unequal
D:2:      layout_basic
D:3:      layout_basic, serial_corexii_hall, corexii_hall_statues_x,
          corexii_hall_statues_deadend, corexii_hall_statues_x,
          corexii_hall_statues_x, chequers_hall_statues_corner_a,
          corexii_hall_statues_l, hellmonk_ecumenical_altar_zigzags
D:4:      old_forge, layout_cave_pools, mainiacjoe_overflow_six_doors_small,
          chequers_temple_overflow_minitemple,
          minmay_temple_entry_drinking_statues
Temple:   kb_temple_of_zot

Skill      XL: |  1  2  3  4 |
---------------+-------------+-----
Maces & Flails | 3 |  3.2
Fighting       | |  3.9
Armour         | |  3.9
Shields        | |  3.9

Action                     |  1- 3 |  4- 6 || total
---------------------------+-------+-------++-------
  Melee: Flail             |    77 |    91 ||   168
    Use: Potion            |       |     2 ||     2
 Armour: Scale mail        |    32 |    27 ||    59
         Chain mail        |       |    16 ||    16
  Dodge: Dodged            |    42 |    40 ||    82
  Block: Buckler           |    11 |    21 ||    32

Table legend: (Time is in decaauts)
 A = Elapsed time spent in this place.
 B = Non-inter-level travel time spent in this place.
 C = Inter-level travel time spent in this place.
 D = Time resting spent in this place.
 E = Time spent auto-exploring this place.
 F = Levels seen in this place.
 G = Mean time per level.
                   A        B        C        D        E       F      G
               +--------+--------+--------+--------+--------+-----+--------+
         Total |   3419 |   3129 |    290 |     13 |   2607 |   5 |  683.8 |
       Dungeon |   3340 |   3082 |    258 |     13 |   2573 |   4 |  835.0 |
        Temple |     78 |     46 |     32 |      0 |     34 |   1 |   78.0 |
               +--------+--------+--------+--------+--------+-----+--------+

Top non-repeatable levels by time:
     D:3: 1145 daAuts
     D:2: 1005 daAuts
     D:1: 980 daAuts
     D:4: 209 daAuts
  Temple: 78 daAuts
